 Dungeon Crawl Stone Soup version 0.26.0-10-g1f06aea511 (webtiles) character file.

Game seed: 6254978802748790001

7558 Goblin1989 the Martial Artist (level 10, -1/80 HPs)
             Began as a Demonspawn Delver on Jan 24, 2021.
             Was an Elder of Wu Jian.
             Slain by an ice devil (22 damage)
             ... on level 11 of the Dungeon.
             The game lasted 00:29:05 (12296 turns).

Goblin1989 the Martial Artist (Demonspawn Delver)  Turns: 12296, Time: 00:29:06

Health: -1/80      AC: 13    Str: 15    XL:     10   Next: 96%
Magic:  10/10      EV:  5    Int: 12    God:    Wu Jian [****..]
Gold:   510        SH:  0    Dex: 15    Spells: 9/9 levels left

rFire    + . .     SeeInvis +     - Unarmed
rCold    . . .     Faith    .   n - +0 tower shield
rNeg     . . .     Spirit   .   t - +0 chain mail {rPois}
rPois    +         Reflect  .   v - +2 hat
rElec    .         Harm     .   (no cloak)
rCorr    .         Rampage  .   K - +0 pair of gloves
Will     .....                  (no boots)
Stlth    ..........             r - amulet of regeneration
HPRegen  0.63/turn              f - ring of protection from fire
MPRegen  0.12/turn              s - ring of see invisible

@: confused, mighty, slowed, very slow
A: claws 1, hooves 1, horns 1, foul stench 1, poison resistance, spiny 2, miasma
immunity, MP-powered wands
a: Renounce Religion, Wall Jump, Serpent's Lash


You were on level 11 of the Dungeon.
You worshipped Wu Jian.
Wu Jian was greatly pleased with you.
You visited 1 branch of the dungeon, and saw 11 of its levels.
You also visited: Sewer.

You collected 865 gold pieces.
You spent 355 gold pieces at shops.

Inventory:

Hand Weapons
 q - the +0 flail "Zaim" {vorpal, Will+ Int+6}
   (You found it on level 8 of the Dungeon)

   It inflicts extra damage upon your enemies.
   It affects your intelligence (+6).
   It affects your willpower, your defense against some magical effects.
 w - a +2 whip of electrocution
 z - a +2 vampiric dagger
 C - a +0 dagger of venom
 W - a +0 hunting sling of freezing
Missiles
 u - 2 datura-tipped darts
 F - 42 sling bullets
 H - 18 poisoned darts
 O - 228 stones {@Q3}
 P - 4 curare-tipped darts (quivered)
 Q - 2 boomerangs
Armour
 n - a +0 tower shield (worn)
 t - a +0 chain mail of poison resistance (worn)
 v - a +2 hat (worn)
 K - a +0 pair of gloves (worn)
Jewellery
 f - a ring of protection from fire (left hand)
 l - an uncursed ring of flight
 r - an amulet of regeneration (around neck)
 s - a ring of see invisible (right hand)
 Z - an uncursed ring of positive energy
Wands
 g - a wand of digging (8) {@v1}
 y - a wand of flame (19) {@v6}
Scrolls
 c - 7 scrolls of fog
 p - a scroll of brand weapon {unknown}
 B - 2 scrolls of noise {unknown}
 D - 5 scrolls of enchant weapon
 J - 2 scrolls of immolation {unknown}
 L - 3 scrolls of fear
 M - 2 scrolls of magic mapping
 N - 3 scrolls of blinking {unknown}
 R - 15 scrolls of identify {@r1}
 S - 5 scrolls of amnesia
 T - 7 scrolls of teleportation {!r, @r2}
 V - 8 scrolls of remove curse {@r3}
 X - 2 scrolls of random uselessness {unknown}
Potions
 A - 3 potions of haste {@q3,}
 E - 2 potions of curing {@q1}
 U - a potion of might {@q4}
 Y - a potion of berserk rage


   Skills:
 + Level 7.7 Fighting
 - Level 3.0 Maces & Flails
 - Level 3.0 Throwing
 + Level 6.3 Armour
 + Level 6.7 Dodging
 - Level 4.5 Stealth
 + Level 4.0 Shields
 + Level 8.9 Unarmed Combat


You had 9 spell levels left.
You didn't know any spells.
Your spell library contained the following spells:

 Spells                   Type           Power        Failure   Level
 Animate Skeleton         Necr           0%           100%        1
 Apportation              Tloc           0%           100%        1
 Corona                   Hex            0%           100%        1
 Summon Small Mammal      Summ           0%           100%        1


Dungeon Overview and Level Annotations

Branches:
Dungeon (11/15)            Temple (0/1) D:7            Lair (0/6) D:10
    Orc (0/2) D:11          Sewer (visited)

Altars:
Elyvilon
Fedhas
Okawaru
Trog
Vehumet
Wu Jian

Shops:
D:4 ?   D:10 }

Portals:
Ice
Cave: D:11

Annotations:
D:8 exclusion: statue


Innate Abilities, Weirdness & Mutations

You have sharp fingernails.
You have large cloven feet.
You have a pair of small horns on your head.
You may emit foul miasma when damaged in melee.
You are mostly covered in sharp spines.
You are immune to miasma.
Your system is resistant to poisons. (rPois)
You expend magic power (3 MP) to strengthen your wands.


Message History

Urug hits you with a +4 battleaxe!
* * * LOW HITPOINT WARNING * * *
You emit a cloud of foul miasma!
The wraith hits you but does no damage.
You take 12 damage, and have 26/79 hp.
Unknown command.
Unknown command.
You completely miss Urug. You kick Urug, but do no damage. You headbutt Urug.
Urug is almost dead.
The wraith barely misses you.
Urug is engulfed in dark miasma.
Urug looks as sick as possible!
You kill Urug!
The Council accepts your kill.
Your Shields skill increases to level 4!
Your supernatural speed expires.
You hear the faint crackling of a melting archway nearby.
Found a stone staircase leading down.
You feel less exhausted.
Found 12 gold pieces.
A wyvern skeleton comes into view.
You lunge at the wyvern skeleton.
You punch the wyvern skeleton! You kick the wyvern skeleton.
The wyvern skeleton is moderately damaged.
The wyvern skeleton barely misses you.
You hit the wyvern skeleton. You headbutt the wyvern skeleton!
The wyvern skeleton is severely damaged.
You block the wyvern skeleton's attack.
The wyvern skeleton bites you but does no damage.
You hit the wyvern skeleton.
The wyvern skeleton is severely damaged.
The wyvern skeleton bites you but does no damage.
You hit the wyvern skeleton but do no damage.
You kick the wyvern skeleton, but do no damage.
The wyvern skeleton is severely damaged.
The wyvern skeleton is struck by your spines.
The wyvern skeleton barely misses you. You block the wyvern skeleton's attack.
You block the wraith's attack.
You punch the wyvern skeleton!
You destroy the wyvern skeleton!
The Council accepts your kill.
An orc comes into view. It is wielding a +0 flail.
You open the door.
An ice devil comes into view.
The wraith hits you. The wraith drains your vigour!
You feel yourself slow down.
You take 4 damage, and have 38/80 hp.
You block the wraith's attack.
Found a frozen archway.
There is an open door here.
An ice devil comes into view.
The ice devil hits you but does no damage.
You punch the ice devil! Your headbutt misses the ice devil.
The ice devil is moderately wounded.
The ice devil hits you!
* * * LOW HITPOINT WARNING * * *
The ice devil freezes you!
* * * LOW HITPOINT WARNING * * *
You block the wraith's attack. The wraith is struck by your spines.
The wraith hits you.
* * * LOW HITPOINT WARNING * * *
The wraith drains your vigour!
You feel as though you will be slow longer.
You block the ice devil's attack.
You take 20 damage, and have 20/80 hp.
MASSIVE DAMAGE!!
You spin to attack the ice devil, but your attack speed is too slow for a blow to land.
You feel much better. You block the ice devil's attack. x2
The ice devil is struck by your spines. The ice devil barely misses you.
The ice devil completely misses you.
You regained 17 hp, and now have 38/80 hp.
Unknown command.
You hit the ice devil.
The ice devil is moderately wounded.
The ice devil hits you.
* * * LOW HITPOINT WARNING * * *
The ice devil freezes you!!
* * * LOW HITPOINT WARNING * * *
The ice devil is struck by your spines.
The ice devil hits you but does no damage.
You take 20 damage, and have 18/80 hp.
MASSIVE DAMAGE!!
Unknown command.
You feel much better.
The ice devil hits you but does no damage.
You block the ice devil's attack. x3
You regained 26 hp, and now have 44/80 hp.
It was a potion of ambrosia.
You are confused.
You feel invigorated. The ice devil hits you. The ice devil freezes you!
* * * LOW HITPOINT WARNING * * *
The ice devil hits you but does no damage.
You take 10 damage, and have 34/80 hp.
Unknown command.
It was a potion of might.
You feel very mighty all of a sudden. The ice devil is struck by your spines.
The ice devil barely misses you.
The ice devil hits you but does no damage.
The ice devil hits you. The ice devil freezes you!
* * * LOW HITPOINT WARNING * * *
The ice devil hits you.
* * * LOW HITPOINT WARNING * * *
The ice devil freezes you!!
You die...

··············▓·█..█.·▓
···········.·▓·██....·▓
···········..··█....█████
···········...██......█.███
··········▓▓█.....█$.█..█.██
·········▓▓
▓█...███.......██ ......···▓
█..............█ .H███.···▓▓
███▲█∆███...█..█
..███.····▓▓▓▓


█@4W█ █...███▓ ..███.·······▓ ██4██ █.....█ ......·······▓▓▓█.█▓▓█Ws.███
......·······▓▓·...·▓█....██ ......·······▓▓.....▓█...█.█
......·······▓▓.....██....███ ......·······▓█..∩..██...█.>█
......·······▓████████...█..█ ......·····..█████████....███ You could see 2 ice
devils and a wraith.

Vanquished Creatures
  A two-headed ogre (D:10)
  Urug (D:11)
  Pikel (D:4)
  A troll (D:10)
  2 wyverns
  Duvessa (D:7)
  2 water moccasins
  2 orc warriors (D:10)
  5 ice beasts
  2 sky beasts
  A phantom (D:7)
  2 necrophages
  5 ogres
  6 centaurs
  2 lemures
  10 bullfrogs
  Dowan (D:7)
  3 scorpions
  A water moccasin zombie (D:9)
  A wyvern skeleton (D:11)
  A water moccasin skeleton (D:10)
  4 killer bees (D:8)
  4 howler monkeys
  5 wights
  3 hounds
  A bullfrog zombie (D:10)
  5 orc priests
  3 jellies
  2 quasits
  2 centaur skeletons
  A bullfrog skeleton (D:9)
  3 iguanas
  7 orc wizards
  10 worker ants
  A hound skeleton (D:10)
  A hound zombie (D:8)
  A worker ant zombie (D:10)
  Robin (D:3)
  4 gnolls
  21 adders
  2 river rats (D:6)
  A shadow imp (D:6)
  A white imp (D:9)
  2 ufetubi
  3 oozes
  An adder zombie (D:7)
  2 adder skeletons
  4 worms
  3 dart slugs
  4 leopard geckos
  34 orcs
  5 giant cockroaches
  14 goblins
  4 hobgoblins
  15 jackals
  3 kobolds
  8 quokkas
  5 ball pythons
  11 bats
  13 frilled lizards
  A giant cockroach zombie (D:5)
  A quokka skeleton (D:4)
  6 rats
273 creatures vanquished.

Notes
Turn   | Place    | Note
-------+----------+-------------------------------------------
     0 | D:5      | Goblin1989 the Demonspawn Delver began the quest for the
                  | Orb.
     0 | D:5      | Reached XP level 1. HP: 18/18 MP: 1/1
    32 | D:5      | Noticed a jelly
   488 | D:4      | Gained mutation: You have large cloven feet. [demonic
                  | ancestry]
   488 | D:4      | Reached XP level 2. HP: 24/24 MP: 2/2
   797 | D:2      | Reached skill level 1 in Throwing
  1053 | D:2      | Gained mutation: You are partially covered in sharp spines.
                  | [demonic ancestry]
  1053 | D:2      | Reached XP level 3. HP: 26/29 MP: 3/3
  1235 | D:2      | Found a white marble altar of Elyvilon.
  1235 | D:2      | Found a blossoming altar of Fedhas.
  1291 | D:2      | Reached skill level 1 in Unarmed Combat
  1340 | D:2      | HP: 2/43 [poisoned by an adder]
  1737 | D:1      | Gained mutation: You are immune to miasma. [demonic
                  | ancestry]
  1737 | D:1      | Reached XP level 4. HP: 35/35 MP: 4/4
  1810 | D:1      | Reached skill level 2 in Unarmed Combat
  3110 | D:2      | Reached skill level 3 in Unarmed Combat
  3364 | D:3      | Gained mutation: You have a pair of small horns on your
                  | head. [demonic ancestry]
  3364 | D:3      | Reached XP level 5. HP: 21/41 MP: 5/5
  3740 | D:3      | Found an iron altar of Okawaru.
  3741 | D:3      | Noticed Robin
  3775 | D:3      | Killed Robin
  4277 | D:4      | Reached skill level 4 in Unarmed Combat
  4479 | D:4      | Gained mutation: You may emit foul miasma when damaged in
                  | melee. [demonic ancestry]
  4479 | D:4      | Reached XP level 6. HP: 22/47 MP: 6/6
  4490 | D:4      | Reached skill level 5 in Unarmed Combat
  4735 | D:4      | Found an ornate altar of the Wu Jian Council.
  4744 | D:4      | Became a worshipper of the Wu Jian Council
  4980 | D:4      | Noticed Pikel
  5567 | D:5      | Reached skill level 6 in Unarmed Combat
  5567 | D:5      | Reached XP level 7. HP: 42/52 MP: 7/7
  5637 | D:5      | Reached skill level 1 in Armour
  6349 | D:6      | Found a glowing drain.
  6361 | Sewer    | Entered a sewer
  6439 | Sewer    | Reached * piety under Wu Jian
  7142 | D:6      | Gained mutation: You are mostly covered in sharp spines.
                  | [demonic ancestry]
  7142 | D:6      | Reached XP level 8. HP: 49/60 MP: 6/8
  7619 | D:6      | Reached ** piety under Wu Jian
  7998 | D:7      | Reached skill level 7 in Unarmed Combat
  8091 | D:4      | Reached skill level 5 in Fighting
  8203 | D:4      | Killed Pikel
  8204 | D:4      | Reached XP level 9. HP: 40/68 MP: 5/9
  8602 | D:4      | Found Okkuruud's Magic Scroll Shoppe.
  8617 | D:4      | Bought a scroll of amnesia for 35 gold pieces
  8617 | D:4      | Bought a scroll of enchant weapon for 75 gold pieces
  8617 | D:4      | Bought a scroll of remove curse for 30 gold pieces
  8617 | D:4      | Bought a scroll of torment for 75 gold pieces
  8617 | D:4      | Bought a scroll of identify for 20 gold pieces
  8617 | D:4      | Bought a scroll of remove curse for 30 gold pieces
  8617 | D:4      | Bought a scroll of identify for 20 gold pieces
  8617 | D:4      | Bought a scroll of teleportation for 30 gold pieces
  8617 | D:4      | Bought a scroll of identify for 20 gold pieces
  8617 | D:4      | Bought a scroll of identify for 20 gold pieces
  8861 | D:7      | Noticed Dowan
  8861 | D:7      | Noticed Duvessa
  8887 | D:7      | Found a staircase to the Ecumenical Temple.
  8911 | D:7      | Gained mutation: Your system is resistant to poisons.
                  | (rPois) [potion of mutation]
  8911 | D:7      | Gained mutation: You expend magic power (3 MP) to
                  | strengthen your wands. [potion of mutation]
  8916 | D:7      | Killed Duvessa
  9056 | D:7      | Found a bloodstained altar of Trog.
  9065 | D:7      | Killed Dowan
  9189 | D:7      | Reached skill level 5 in Dodging
  9645 | D:7      | Reached *** piety under Wu Jian
  9828 | D:8      | Noticed a troll
 10096 | D:8      | Reached skill level 1 in Shields
 10331 | D:8      | Reached skill level 8 in Unarmed Combat
 10332 | D:8      | Reached skill level 5 in Armour
 10380 | D:8      | Got a crystal flail
 10381 | D:8      | Identified the cursed +0 flail "Zaim" {vorpal, Will+ Int+6}
                  | (You found it on level 8 of the Dungeon)
 10638 | D:8      | Found a radiant altar of Vehumet.
 10679 | D:8      | Gained mutation: You have sharp fingernails. [demonic
                  | ancestry]
 10679 | D:8      | Reached XP level 10. HP: 77/77 MP: 10/10
 11088 | D:9      | Reached **** piety under Wu Jian
 11464 | D:10     | Entered Level 10 of the Dungeon
 11511 | D:10     | Found a staircase to the Lair.
 11579 | D:10     | Noticed a two-headed ogre
 11591 | D:10     | Killed a two-headed ogre
 11821 | D:10     | Found Vexyrib's Gadget Shoppe.
 12215 | D:11     | Noticed a manticore
 12215 | D:11     | Noticed a white ugly thing
 12250 | D:11     | Noticed Urug
 12263 | D:11     | Killed Urug
 12288 | D:11     | Found a frozen archway.
 12296 | D:11     | Slain by an ice devil

Illustrated notes

Levels and vault maps discovered:
D:1:      dpeg_arrival_snail, layout_basic
D:2:      layout_basic, gammafunk_temple_overflow_pools
D:3:      layout_basic, okawaru_gym_becter, uniq_robin
D:4:      layout_loops_corners, nicolae_overflow_crystal_walls, serial_shops,
          shop_coins, uniq_pikel
D:5:      layout_rooms
D:6:      cheibrodos_helix_gallery, layout_basic, gup_sewer_entry_bubbles
D:7:      kennysheep_windowed_halls, layout_loops_ring, temple_pool_b,
          basic_altar, uniq_duvessa
D:8:      layout_loops_corners, vehumet_statue, lightli_corner_chamber
D:9:      cheibrodos_fzero, layout_stronghold
D:10:     layout_irregular_city, lair_entry_dummy, serial_shops,
          kennysheep_mini, minmay_hedge_maze
D:11:     layout_big_octagon, david_orc_2, serial_shops, shop,
          portal_ice_cave_demonic_guard, uniq_maurice, uniq_urug

Skill      XL: |  1  2  3  4  5  6  7  8  9 10 |
---------------+-------------------------------+-----
Maces & Flails | 2 3 |  3.0
Throwing       | 1 2 3 |  3.0
Unarmed Combat | 1 3 4 6 7 8 |  8.9
Dodging        | 2 3 4 5 6 |  6.7
Armour         | 2 4 5 6 |  6.3
Fighting       | 4 5 6 7 |  7.7
Shields        | 1 4 |  4.0
Stealth        | |  4.5

Action                   |  1- 3 |  4- 6 |  7- 9 | 10-12 || total
-------------------------+-------+-------+-------+-------++-------
Melee: Mace              |   120 |    27 |       |       ||   147
       Kick              |    14 |    35 |    90 |    69 ||   208
       Punch             |     1 |     1 |     7 |       ||     9
       Flail             |       |    86 |    33 |       ||   119
       Unarmed           |       |     6 |   268 |   206 ||   480
       Headbutt          |       |    14 |    65 |    43 ||   122
 Fire: Hunting sling     |       |    15 |       |       ||    15
Throw: Stone             |     1 |       |       |       ||     1
       Dart              |       |    18 |       |       ||    18
Invok: Lunge             |       |     5 |    42 |    24 ||    71
       Whirlwind         |       |       |     1 |       ||     1
       Serpent's Lash    |       |       |       |     1 ||     1
  Use: Potion            |     3 |     4 |     3 |     4 ||    14
       Scroll            |       |       |     6 |     2 ||     8
 Stab: Sleeping          |     4 |     5 |    11 |       ||    20
       Distracted        |       |       |     1 |       ||     1
Armor: Leather armour    |    36 |    10 |     6 |       ||    52
       Skin              |     7 |     4 |       |       ||    11
       Scale mail        |       |       |    19 |       ||    19
       Chain mail        |       |       |    30 |    69 ||    99
Dodge: Dodged            |    93 |    71 |   102 |    43 ||   309
Block: Buckler           |       |       |    16 |    19 ||    35
       Tower shield      |       |       |       |    72 ||    72
